AoeStats
← Mr. Penis

Nomad

507522209Analyzed
4v4 RM · 13d ago on Sep 18, 2026· 32m 15s· 8 players
Game mode
Random Map
Map size
231×231
Population
200
Speed
Normal
Resources
Standard
Victory
Conquest
Starting age
Dark Age
Ending age
Imperial Age
RankedLock teamsTeams togetherTeam positionsShared explorationLock speedFull tech treeHidden civsTurbo modeCheats
Victory
Defeat
🇹🇼 Japanese · Taiwan
1274
+15
🇹🇼 Persians · Taiwan
1248
+16
🇹🇼 Magyars · Taiwan
1248
+16
🇹🇼 Khmer · Taiwan
1221
+17
🇷🇺 Jurchens · Russia
1289
-19
🇰🇬 Khitans · Kyrgyzstan
1271
-17
🇦🇷 Bengalis · Argentina
1227
-15
🇨🇳 Huns · China
1181
-13
A POPO
15:04 Feudal Age
15:34 Double-Bit Axe
16:47 Loom
17:23 Loom
20:44 Castle Age
19:10 Gold Mining
19:44 Scale Barding Armor
19:30 Fletching
21:06 Fishing Lines
22:06 Wheelbarrow
21:53 Medium Warships
23:40 Bow Saw
24:17 Chain Barding Armor
25:06 Hand Cart
24:15 Light Cavalry
25:27 Gillnets
25:59 Husbandry
26:45 Bloodlines
29:17 Horse Collar
32:28 Gold Shaft Mining
aireight
5:13 Loom
14:50 Feudal Age
19:59 Castle Age
20:13 Castle Age
18:19 Double-Bit Axe
18:47 Stone Mining
19:22 Gold Mining
19:24 Fletching
20:29 Crossbowman
21:05 Bodkin Arrow
21:23 Bow Saw
23:53 Wheelbarrow
24:43 Padded Archer Armor
25:00 Hand Cart
27:38 Gold Shaft Mining
27:40 Scale Mail Armor
28:30 Town Watch
29:11 Horse Collar
32:10 Ballistics
xbuner2009
5:56 Loom
14:46 Feudal Age
16:06 Fishing Lines
16:23 Double-Bit Axe
21:58 Castle Age
20:03 Gold Mining
21:17 Stone Mining
23:49 Bow Saw
23:55 Loom
24:47 Wheelbarrow
23:49 Elite Skirmisher
24:40 Fletching
25:21 Bodkin Arrow
29:34 Ballistics
jkojoe
9:50 Loom
14:40 Feudal Age
18:22 Castle Age
16:59 Double-Bit Axe
17:21 Fishing Lines
18:09 Stone Mining
19:25 Gillnets
20:09 Bow Saw
24:58 Stone Shaft Mining
25:10 Horse Collar
26:44 Fletching
27:30 Gold Mining
28:02 Bodkin Arrow
28:55 Wheelbarrow
29:11 Ballistics
30:15 Hand Cart
MERA_elBalma
4:51 Loom
14:34 Feudal Age
16:21 Fishing Lines
19:10 Castle Age
17:15 Fletching
17:18 Double-Bit Axe
20:06 Bow Saw
21:11 Medium Warships
22:02 Gold Mining
26:14 Horse Collar
27:54 Padded Archer Armor
29:01 Forging
28:49 Bodkin Arrow
29:56 Ballistics
Te0n
7:44 Loom
15:07 Feudal Age
16:56 Fishing Lines
17:04 Double-Bit Axe
17:49 Domestication
20:31 Castle Age
21:40 Bow Saw
21:41 Fletching
22:15 Thumb Ring
22:20 Heavy Cavalry Archer
23:05 Gillnets
23:26 Gold Mining
24:06 Padded Archer Armor
25:52 Ballistics
26:33 Bodkin Arrow
29:26 Scale Mail Armor
29:36 Forging
32:48 Wheelbarrow
Mr. Penis
16:14 Feudal Age
17:07 Double-Bit Axe
18:04 Horse Collar
20:47 Castle Age
20:09 Loom
22:35 Bow Saw
24:45 Wheelbarrow
24:53 Heavy Plow
31:39 Fishing Lines
32:00 Gold Mining
迷人
9:30 Loom
10:25 Loom
15:57 Feudal Age
17:01 Double-Bit Axe
22:16 Castle Age
29:59 Fletching
Connection lost

Rejoining the realm…

Still unreachable

The connection could not be restored.

Session expired

The server has moved on; the page needs a fresh start.